[Event "ICC tourney 3263 (30 10)"]
[Site "Internet Chess Club"]
[Date "2023.08.19"]
[Round "4"]
[White "ZHANG, ARI:brass60Six"]
[Black "JAIN, ANKITA:AnkitaJ"]
[Result "0-1"]
[ICCResult "White checkmated"]
[WhiteElo "1387"]
[BlackElo "1542"]
[Opening "Nimzo-Indian: 4.e3 e8g8, 5.Nf3 d7d5"]
[ECO "E51"]
[NIC "NI.06"]
[Time "18:00:16"]
[PlyCount "120"]
[TimeControl "1800+10"]

1. d4 Nf6 2. c4 e6 3. Nc3 Bb4 4. e3 O-O 5. Nf3 d5 6. Bd3 c6 7. O-O Nbd7 8.
Qc2 Bd6 9. e4 dxe4 10. Nxe4 Nxe4 11. Bxe4 Nf6 12. Bd3 b6 13. Bg5 h6 14. Bh4
Bb7 15. c5 Be7 16. a3 Nd5 17. Bxe7 Nxe7 18. b4 Nd5 19. Rfe1 a5 20. Rab1 axb4
21. axb4 Nf4 22. Bc4 Ba6 23. cxb6 Qxb6 24. Bxa6 Rxa6 25. Ne5 Rfa8 26. Qc5
Nd5 27. h3 Rc8 28. Rec1 Rc7 29. Rb3 f6 30. Nf3 Kf7 31. Rcb1 Qb5 32. Qc2 Rca7
33. R3b2 Ra1 34. Qc5 Qa4 35. Nd2 Rxb1+ 36. Rxb1 Rb7 37. Rc1 Qxb4 38. Qxb4
Rxb4 39. Rxc6 Rxd4 40. Nf3 Rd1+ 41. Kh2 Rd3 42. Ra6 e5 43. Ra7+ Ne7 44. Ra5
Rb3 45. Ra7 Rb2 46. Kg1 Rb1+ 47. Kh2 Rd1 48. Rb7 g5 49. Kg3 e4 50. Nh2 f5
51. Rb6 Rh1 52. f3 f4+ 53. Kf2 e3+ 54. Ke2 Rxh2 55. Rxh6 Rxg2+ 56. Ke1 Nf5
57. Rh7+ Kg6 58. Ra7 Ng3 59. Ra6+ Kh5 60. Ra8 Rg1# {White checkmated} 0-1

[Event "ICC tourney 3263 (30 10)"]
[Site "Internet Chess Club"]
[Date "2023.08.19"]
[Round "5"]
[White "WILSON, DARRYL J:Combo4U2"]
[Black "ZHANG, ARI:brass60Six"]
[Result "0-1"]
[ICCResult "White checkmated"]
[WhiteElo "1201"]
[BlackElo "1387"]
[Opening "Caro-Kann: advance variation"]
[ECO "B12"]
[NIC "CK.04"]
[Time "20:00:23"]
[PlyCount "138"]
[TimeControl "1800+10"]

1. e4 c6 2. d4 d5 3. e5 Bf5 4. Bd2 e6 5. Nf3 c5 6. c3 cxd4 7. cxd4 Nc6 8.
Nc3 Qb6 9. Na4 Qd8 10. Bb5 Ne7 11. O-O a6 12. Be2 Nc8 13. Qb3 Rb8 14. Rac1
N8a7 15. Nc3 Be7 16. a3 O-O 17. Na4 b5 18. Nc5 Bxc5 19. dxc5 Qc7 20. Qe3
Rfd8 21. Nd4 Nxd4 22. Qxd4 Nc6 23. Qf4 Qxe5 24. Qxe5 Nxe5 25. Bf4 f6 26. g4
Bg6 27. h4 Rbc8 28. Bxe5 fxe5 29. f4 exf4 30. Rxf4 Rc6 31. h5 Bf7 32. b4
Rdc8 33. Rcf1 R6c7 34. g5 e5 35. Rf5 e4 36. Bg4 Rd8 37. Re5 Re8 38. Rxe8+
Bxe8 39. Be6+ Bf7 40. Bxf7+ Rxf7 41. c6 Rc7 42. Rc1 Kf7 43. Kf2 Ke6 44. Rc5
Kd6 45. g6 hxg6 46. hxg6 Rxc6 47. Rxc6+ Kxc6 48. Ke3 Kd7 49. Kd4 Kd6 50. Ke3
Ke5 51. Kd2 d4 52. Ke2 e3 53. Kd3 Kd5 54. Ke2 Ke4 55. Kd1 d3 56. Ke1 e2 57.
Kd2 Kf3 58. Kxd3 e1=Q 59. Kd4 Qe4+ 60. Kc5 Qe6 61. a4 bxa4 62. b5 axb5 63.
Kxb5 Ke3 64. Kxa4 Qb6 65. Ka3 Qb5 66. Ka2 Qb4 67. Ka1 Kd2 68. Ka2 Kc2 69.
Ka1 Qb2# {White checkmated} 0-1

[Event "ICC tourney 3263 (30 10)"]
[Site "Internet Chess Club"]
[Date "2023.08.19"]
[Round "5"]
[White "ANGEL, BORYS:BArkadia"]
[Black "VUYYURU, SHRIYAN:loudcertainlava"]
[Result "1-0"]
[ICCResult "Black checkmated"]
[WhiteElo "1360"]
[BlackElo "1607"]
[Opening "French: advance variation"]
[ECO "C02"]
[NIC "FR.03"]
[Time "20:00:16"]
[PlyCount "97"]
[TimeControl "1800+10"]

1. e4 e6 2. d4 d5 3. e5 c5 4. c3 Nc6 5. Be3 Qb6 6. Qd2 Bd7 7. f4 cxd4 8.
cxd4 Nge7 9. Nf3 Nf5 10. Bf2 Bb4 11. Nc3 Na5 12. a3 Nb3 13. Qd1 Bxc3+ 14.
bxc3 Nxa1 15. Qxa1 Rc8 16. g4 Nh6 17. h3 Qb3 18. Kd2 Ba4 19. Bd3 Qb6 20. f5
Ng8 21. Rb1 Qc7 22. fxe6 fxe6 23. Ng5 Bd7 24. Nxh7 Ne7 25. Ng5 O-O 26. Be3
b6 27. h4 Qd8 28. h5 Nc6 29. Rh1 Na5 30. Qb1 Qc7 31. Rc1 Rfe8 32. Bh7+ Kf8
33. Qg6 Nb3+ 34. Kd1 Ba4 35. Rc2 Na1 36. Nxe6+ Rxe6 37. Qxe6 Bxc2+ 38. Bxc2
Nxc2 39. Bg5 Nxd4 40. cxd4 Qc2+ 41. Ke1 Qe4+ 42. Kf1 Rc2 43. Be7+ Ke8 44.
Bc5+ Kd8 45. Qd6+ Kc8 46. Qc6+ Kd8 47. Qa8+ Kd7 48. Qxa7+ Ke8 49. Qe7#
{Black checkmated}
1-0

[Event "ICC tourney 3263 (30 10)"]
[Site "Internet Chess Club"]
[Date "2023.08.19"]
[Round "5"]
[White "JAIN, ANKITA:AnkitaJ"]
[Black "Bharathy Mohan, Aarav Sai:aaravbm"]
[Result "1-0"]
[ICCResult "Black resigns"]
[WhiteElo "1542"]
[BlackElo "1504"]
[Opening "QGD Slav defense"]
[ECO "D10"]
[NIC "SL.01"]
[Time "20:00:19"]
[PlyCount "113"]
[TimeControl "1800+10"]

1. d4 d5 2. c4 c6 3. Nc3 Nf6 4. e3 Bf5 5. Nf3 e6 6. Nh4 Bg6 7. Nxg6 hxg6 8.
h3 Bd6 9. Be2 Nbd7 10. b3 Qc7 11. Bb2 b6 12. Rc1 Qb7 13. Bf3 Bb4 14. a3
Bxc3+ 15. Rxc3 Rc8 16. Qc2 Kd8 17. O-O Nh7 18. Rc1 Ng5 19. e4 dxe4 20. Bxe4
Nxe4 21. Qxe4 Nf6 22. Qf3 Rg8 23. R3c2 Rc7 24. d5 cxd5 25. Bxf6+ gxf6 26.
Qxf6+ Ke8 27. cxd5 Rxc2 28. Rxc2 exd5 29. Qe5+ Kf8 30. Rc7 Qb8 31. Qe7+ Kg7
32. Qxf7+ Kh6 33. Qf4+ g5 34. Qd6+ Rg6 35. Rh7+ Kxh7 36. Qxb8 Rg7 37. Qe5 a5
38. Qxd5 Kh6 39. Qf5 Rg6 40. g4 Kh7 41. f4 gxf4 42. Qxf4 Kg7 43. b4 axb4 44.
axb4 Kh7 45. h4 Kg7 46. h5 Rf6 47. Qg5+ Kf7 48. h6 Re6 49. h7 Re8 50. Qh5+
Ke7 51. Qxe8+ Kxe8 52. h8=Q+ Kd7 53. Qe5 Kc6 54. b5+ Kb7 55. g5 Ka7 56. g6
Kb7 57. g7 {Black resigns} 1-0

[Event "ICC tourney 3263 (30 10)"]
[Site "Internet Chess Club"]
[Date "2023.08.19"]
[Round "5"]
[White ":ChesserDaniel"]
[Black "TRIPATHY, SIDDHARTH KESHAV:Sid907"]
[Result "1/2-1/2"]
[ICCResult "Game drawn by mutual agreement"]
[WhiteElo "1126"]
[BlackElo "1224"]
[Opening "Caro-Kann: advance variation"]
[ECO "B12"]
[NIC "CK.04"]
[Time "20:00:21"]
[PlyCount "120"]
[TimeControl "1800+10"]

1. e4 c6 2. d4 d5 3. e5 Bf5 4. c3 e6 5. Nd2 Ne7 6. Ngf3 h6 7. Be2 Bh7 8. b3
Nd7 9. Bb2 Nf5 10. c4 dxc4 11. Bxc4 Nb6 12. Be2 Be7 13. Nc4 Nxc4 14. Bxc4
Bb4+ 15. Kf1 O-O 16. a3 Ba5 17. Qe2 Nh4 18. b4 Bb6 19. Rd1 Nxf3 20. Qxf3 Qe7
21. Ke2 Rad8 22. Rhe1 Qh4 23. Qg3 Qe4+ 24. Kf1 Qc2 25. Qc3 Qxc3 26. Bxc3 Rd7
27. Rd2 Rfd8 28. Red1 a6 29. f4 Be4 30. Kf2 Bd5 31. Bxd5 Rxd5 32. Ke3 Kf8
33. Ke2 Ke7 34. Rd3 g6 35. g4 f6 36. exf6+ Kxf6 37. Kf3 g5 38. fxg5+ hxg5
39. Ke4 Ke7 40. Rf1 Rf8 41. Rxf8 Kxf8 42. Rd2 Ke7 43. h3 a5 44. Rh2 axb4 45.
axb4 Kf6 46. h4 gxh4 47. Rxh4 Kg5 48. Rh7 Kxg4 49. Rxb7 Bd8 50. Rg7+ Kh5 51.
Ra7 Kg6 52. Ra6 Rd6 53. Be1 Bf6 54. Bf2 Kf7 55. b5 Ke7 56. Rxc6 Rxc6 57.
bxc6 Kd6 58. c7 Kxc7 59. Bg3+ Kc6 60. Be5 Be7 {Game drawn by mutual
agreement} 1/2-1/2